Map: Orbital Shipyard

Players

MCanning - Winner!

  • Race: Protoss Protoss
  • League: Grandmaster

Neuro

  • Race: Zerg Zerg
  • League: Grandmaster

VOD

Have the link to the VOD?

Description

Time

  • Played on: Feb. 26, 2016, 10:47 p.m.
  • Length: 12:07
Show
View Real Time Build Order
Export as new Build Order

MCanning Protoss - Winner!

Build Orders: Nexus First, Phoenix Opening 

Get SALT Encoding   

  12  0:01  Probe (Chrono Boost)  
  13  0:11  Probe (Chrono Boost)  
  14  0:22  Probe (Chrono Boost), Pylon  
  15  0:40  Probe (Chrono Boost)  
  16  0:51  Probe (Chrono Boost)  
  17  0:59  Nexus  
  17  1:09  Gateway  
  17  1:13  Probe (Chrono Boost)  
  18  1:23  Assimilator  
  18  1:24  Probe (Chrono Boost)  
  19  1:28  Assimilator  
  19  1:34  Probe (Chrono Boost)  
  20  1:45  Probe (Chrono Boost)  
  21  1:55  Probe (Chrono Boost)  
  21  1:56  Cybernetics Core  
  22  2:06  Probe (Chrono Boost)  
  23  2:10  Zealot  
  23  2:13  Probe (Chrono Boost)  
  26  2:16  Probe (Chrono Boost)  
  26  2:22  Pylon  
  27  2:24  Probe (Chrono Boost)  
  27  2:27  Probe (Chrono Boost)  
  29  2:34  Probe (Chrono Boost)  
  29  2:35  Warp Gate  
  30  2:37  Stalker (Chrono Boost)  
  30  2:38  Probe (Chrono Boost)  
  33  2:47  Stargate  
  33  2:50  Probe  
  34  2:54  Mothership Core (Chrono Boost)  
  36  3:02  Probe (Chrono Boost)  
  37  3:13  Probe (Chrono Boost)  
  37  3:14  Probe (Chrono Boost)  
  37  3:19  Pylon  
  39  3:24  Probe x2 (Chrono Boost)  
  41  3:31  Phoenix (Chrono Boost)  
  41  3:33  Probe  
  43  3:35  Probe  
  43  3:38  Gateway x2  
  43  3:40  Sentry  
  47  3:44  Probe  
  47  3:46  Pylon  
  47  3:47  Probe  
  49  3:55  Probe, Phoenix (Chrono Boost)  
  51  3:59  Probe  
  53  4:05  Probe  
  53  4:07  Assimilator  
  54  4:11  Probe  
  54  4:12  Assimilator  
  54  4:16  Probe, Phoenix (Chrono Boost)  
  57  4:23  Probe  
  59  4:25  Pylon  
  59  4:26  Probe  
  59  4:28  Pylon  
  60  4:35  Probe  
  60  4:37  Probe  
  61  4:43  Phoenix (Chrono Boost)  
  64  4:47  Probe x2  
  66  4:58  Probe  
  66  4:59  Probe  
  68  5:06  Nexus  
  68  5:08  Pylon  
  68  5:09  Probe (Chrono Boost)  
  68  5:10  Pylon  
  68  5:12  Probe (Chrono Boost)  
  70  5:17  Sentry  
  70  5:21  Probe (Chrono Boost), Robotics Facility  
  73  5:23  Probe (Chrono Boost)  
  73  5:24  Forge  
  74  5:31  Probe (Chrono Boost)  
  74  5:33  Probe (Chrono Boost)  
  76  5:38  Sentry  
  76  5:39  Twilight Council  
  76  5:41  Gateway  
  76  5:42  Probe (Chrono Boost)  
  79  5:44  Probe (Chrono Boost)  
  79  5:46  Stalker  
  79  5:47  Stalker, Pylon  
  84  5:51  Probe (Chrono Boost)  
  84  5:54  Probe (Chrono Boost)  
  84  5:57  Protoss Ground Weapons Level 1 (Chrono Boost)  
  86  5:58  Robotics Facility  
  86  6:01  Probe  
  87  6:06  Probe  
  87  6:07  Gateway  
  87  6:08  Gateway  
  87  6:10  Stalker x2  
  92  6:12  Probe  
  92  6:13  Observer  
  92  6:16  Charge (Chrono Boost)  
  94  6:20  Probe  
  94  6:21  Probe  
  94  6:24  Probe  
  97  6:28  Assimilator  
  97  6:33  Assimilator  
  97  6:34  Immortal (Chrono Boost)  
  97  6:35  Pylon  
  97  6:36  Probe  
  102  6:42  Zealot  
  102  6:43  Zealot x2  
  102  6:45  Zealot  
  110  6:51  Immortal (Chrono Boost)  
  114  7:04  Pylon  
  114  7:09  Templar Archives  
  114  7:12  Gateway  
  114  7:13  Immortal (Chrono Boost)  
  114  7:15  Gateway  
  118  7:16  Pylon  
  118  7:19  Zealot x3  
  124  7:24  Pylon x2  
  124  7:26  Pylon  
  124  7:31  Immortal (Chrono Boost)  
  128  7:37  Psionic Storm  
  128  7:48  Probe  
  129  7:52  High Templar x3  
  135  7:58  Gateway  
  135  8:00  Gateway  
  135  8:01  Photon Cannon  
  135  8:03  Photon Cannon  
  135  8:04  Gateway, High Templar  
  135  8:05  Immortal (Chrono Boost)  
  137  8:12  Gateway  
  141  8:15  Protoss Ground Weapons Level 2 (Chrono Boost)  
  141  8:17  Observer  
  141  8:18  Photon Cannon  
  138  8:21  Zealot x4  
  144  8:35  Pylon  
  144  8:37  Immortal (Chrono Boost), Pylon  
  148  8:43  Immortal (Chrono Boost), Zealot x3  
  148  8:44  Zealot x2  
  148  8:45  High Templar  
  162  8:55  Pylon  
  162  8:56  Pylon  
  162  8:59  High Templar x2  
  166  9:03  Archon  
  166  9:10  Zealot x3  
  166  9:11  Zealot x2  
  170  9:25  Warp Prism  
  172  9:31  Nexus  
  172  9:33  Zealot x3  
  172  9:34  Immortal, Zealot x2, Pylon  
  172  9:35  Pylon  
  186  9:59  Archon  
  160  10:07  Zealot x5  
  149  10:08  Zealot x6  
  149  10:09  Zealot  
  151  10:14  Probe  
  151  10:16  Fleet Beacon  
  144  10:35  High Templar x4  
  146  10:36  High Templar x4  
  146  10:41  Archon x3  
  158  10:43  Stalker x3  
  158  10:46  Zealot  
  160  10:50  Probe  
  160  10:54  Archon  
  160  10:56  Probe  
  160  11:08  Stalker x4  
  160  11:09  Zealot x2, Stalker x2  
  160  11:10  Zealot x3  
  164  11:33  Zealot x2  
  164  11:34  Zealot x5  
  178  11:49  Zealot  
  178  11:50  Zealot x3  
  178  11:52  Zealot  
Show
View Real Time Build Order
Export as new Build Order

Neuro Zerg 

Build Orders: Hatch First 

Get SALT Encoding   

  12  0:01  Drone  
  13  0:12  Overlord  
  13  0:17  Drone  
  14  0:30  Drone x2  
  14  0:34  Drone  
  17  0:54  Drone, Hatchery  
  17  0:57  Drone  
  18  1:09  Extractor  
  17  1:12  Spawning Pool  
  17  1:15  Drone  
  17  1:17  Drone  
  18  1:28  Drone  
  19  1:38  Drone  
  20  1:49  Drone  
  21  2:01  Overlord  
  21  2:06  Queen  
  21  2:07  Zergling x2  
  21  2:08  Queen  
  26  2:12  Metabolic Boost  
  26  2:16  Drone  
  26  2:19  Drone  
  28  2:23  Drone  
  28  2:29  Drone  
  30  2:32  Drone  
  31  2:39  Drone  
  31  2:43  Hatchery  
  31  2:46  Drone  
  32  2:55  Drone x2  
  32  2:57  Evolution Chamber  
  33  2:59  Queen  
  33  3:01  Drone  
  36  3:06  Overlord  
  36  3:12  Overlord  
  36  3:25  Zergling x6  
  39  3:28  Drone x4  
  43  3:34  Drone  
  43  3:35  Extractor  
  43  3:38  Roach Warren  
  43  3:40  Drone  
  43  3:47  Overlord  
  42  3:51  Drone x7  
  49  3:56  Drone x2  
  49  4:01  Drone  
  52  4:07  Drone x2  
  52  4:09  Spore Crawler  
  53  4:10  Spore Crawler  
  53  4:12  Drone  
  53  4:14  Lair  
  53  4:17  Spore Crawler  
  53  4:22  Zerg Missile Weapons Level 1  
  53  4:23  Overlord x3  
  52  4:37  Overlord  
  52  4:43  Drone x5  
  52  4:44  Drone  
  56  4:56  Drone x3  
  56  4:57  Drone x2  
  56  4:58  Drone x4  
  64  5:00  Hatchery  
  64  5:01  Pneumatized Carapace  
  64  5:03  Overlord  
  63  5:09  Roach x2  
  63  5:11  Glial Reconstitution  
  67  5:14  Roach  
  67  5:15  Roach  
  71  5:24  Zergling x16  
  76  5:35  Overlord  
  76  5:36  Overlord x3  
  76  5:44  Extractor  
  76  5:48  Extractor  
  74  5:50  Overlord  
  74  5:53  Overlord x2  
  74  5:55  Drone x2  
  74  5:56  Drone x3  
  79  5:58  Drone  
  79  6:01  Drone  
  79  6:03  Roach x4  
  88  6:12  Queen  
  88  6:13  Drone  
  88  6:17  Extractor, Zerg Missile Weapons Level 2  
  88  6:18  Extractor, Drone x4  
  90  6:24  Overlord x2  
  93  6:29  Spore Crawler  
  92  6:33  Drone x4  
  94  6:47  Hydralisk Den  
  94  6:48  Drone x13  
  101  7:06  Overlord  
  101  7:07  Overseer  
  101  7:19  Drone x3, Extractor  
  101  7:20  Muscular Augments  
  101  7:21  Hydralisk x11  
  125  7:23  Extractor  
  125  7:27  Zergling x6  
  127  7:36  Spire  
  126  7:45  Overseer  
  126  7:51  Hydralisk x5  
  125  7:53  Zergling x18  
  125  7:54  Zergling x2  
  145  8:02  Ravager x3  
  145  8:03  Zergling x16  
  156  8:14  Drone x4  
  156  8:15  Overlord  
  156  8:16  Overlord x4  
  156  8:19  Hatchery  
  157  8:33  Zerg Melee Weapons Level 1  
  155  8:47  Zergling x12  
  155  8:48  Zergling x26  
  173  8:50  Zerg Flyer Weapons Level 1  
  173  9:15  Mutalisk  
  173  9:16  Mutalisk x12  
  198  9:29  Extractor  
  191  9:32  Extractor  
  191  9:34  Queen  
  192  9:38  Mutalisk  
  192  9:39  Mutalisk x3  
  198  9:46  Mutalisk  
  164  10:00  Mutalisk x4  
  164  10:02  Zergling x8  
  164  10:03  Zergling x26  
  164  10:06  Mutalisk x2  
  164  10:08  Zergling x2  
  138  10:17  Mutalisk x2  
  138  10:19  Queen  
  129  10:21  Hydralisk  
  129  10:22  Hydralisk x2  
  129  10:24  Hatchery  
  129  10:27  Zergling x8  
  130  10:30  Mutalisk  
  120  10:37  Drone x7  
  120  10:41  Hydralisk  
  120  10:42  Hydralisk x5  
  127  10:44  Zergling x10  
  127  10:51  Queen x3  
  127  10:55  Hydralisk  
  127  10:56  Hydralisk x5  
  117  11:03  Roach x2  
  117  11:04  Roach x2  
  83  11:22  Roach x4  
  82  11:27  Overseer  
  65  11:38  Hydralisk x2  
Tags
 
Add a new tag
Caveats
  • Supply blocks, unpowered buildings, or Contaminate may cause inaccurate times.
  • Supply counts are checked every 10 seconds.